 Dungeon Crawl Stone Soup version 0.18-a0-750-g37044d6 (webtiles) character file.

1940 4thArraOfDagon the Covert (level 8, -7/38 HPs)
             Began as a Felid Fighter on Dec 11, 2015.
             Was a Follower of Cheibriados.
             Mangled by a hill giant
             ... wielding a +0 giant spiked club
              (23 damage)
             ... on level 10 of the Dungeon.
             The game lasted 00:15:35 (2710 turns).

4thArraOfDagon the Covert (Felid Fighter)           Turns: 2710, Time: 00:15:36

Health: -7/38      AC:  4    Str: 13    XL:     8   Next: 98%
Magic:  5/11       EV: 27    Int: 12    God:    Cheibriados [*.....]
Gold:   254        SH:  0    Dex: 26    Spells: 0 memorised, 7 levels left
                                        Lives:  0   Deaths: 2

rFire  . . .     SeeInvis +       - Unarmed
rCold  . . .     Clarity  .     (armour unavailable)
rNeg   . . .     SustAt   .     (shield unavailable)
rPois  +         Gourm    .     (helmet unavailable)
rElec  .         Spirit   .     (cloak unavailable)
rCorr  .         Dismiss  .     (gloves unavailable)
rMut   .         Stasis   .     (boots unavailable)
MR     +....                    (no amulet)
Stlth  +++++++...               a - ring of stealth
                                q - +4 ring of dexterity

@: slow, somewhat resistant to hostile enchantments, extremely stealthy
A: no armour, no weapons or thrown items, claws 1, fangs 3, thin metallic scales
1, see invisible, carnivore 3, speed 1, low mp 1, poison resistance, shaggy fur
2, slow metabolism 1, weak 1, sharp paws
a: Bend Time, Renounce Religion


You were on level 10 of the Dungeon.
You worshipped Cheibriados.
Cheibriados was aware of your devotion.
You were full.

You visited 2 branches of the dungeon, and saw 11 of its levels.
You also visited: Bailey.

You collected 254 gold pieces.

Inventory:

Jewellery
 a - a ring of stealth (right paw)
 o - an uncursed amulet of stasis
 q - a +4 ring of dexterity (left paw)
 s - an uncursed ring of fire
Wands
 c - a wand of disintegration (10)
 i - a wand of teleportation (7)
 m - a wand of random effects (6)
Scrolls
 d - 2 scrolls of blinking
 g - 3 scrolls of remove curse
 l - a scroll of immolation
Potions
 e - a potion of cancellation
 j - a potion of flight
 k - 5 potions of brilliance
 n - a potion of poison
Books
 u - a book of Enchantments

   Spells                             Type                      Level
   a - Cause Fear                     Hexes                        4
   b - Yara's Violent Unravelling     Hexes/Transmutation          5
   c - Silence                        Hexes/Air                    5
   d - Deflect Missiles               Charms/Air                   6
   e - Haste                          Charms                       6
   f - Discord                        Hexes                        8
Comestibles
 b - 5 meat rations
 f - 2 beef jerkies
 h - a slice of pizza


   Skills:
 + Level 5.9 Fighting
 + Level 7.7 Dodging
 * Level 10.3 Stealth
 * Level 8.0 Unarmed Combat
 + Level 4.7 Invocations


You had 7 spell levels left.
You didn't know any spells.

Dungeon Overview and Level Annotations

Branches:
Dungeon (10/15)            Temple (1/1) D:4
   Lair: D:8-11         Orc: D:9-12

Altars:
Ashenzari
Cheibriados
Fedhas
Gozag
Kikubaaqudgha
Makhleb
Pakellas
Ru
Sif Muna
Trog
Xom
Yredelemnul

Annotations:
D:3 Terence
D:4 gorblad's ghost, amateur DsAK
D:8 cluie's ghost, novice DsMo


Innate Abilities, Weirdness & Mutations

You cannot wear armour.
You are incapable of wielding weapons or throwing items.
You have sharp claws.
You have razor-sharp teeth.
You have supernaturally acute eyesight.
You are carnivorous and can eat meat at any time.
You cover ground quickly.
You are covered in thick fur (AC +2).
You have a slow metabolism.
Your sharp claws are effective at attacking unaware monsters.
You are partially covered in thin metallic scales (AC +2).
Your magical capacity is low (-10% MP).
Your system is resistant to poisons.
You are weak. (Str -2)


Message History

Unknown command.
You claw the hill giant! You claw the hill giant.
You bite the hill giant, but do no damage.
The hill giant is lightly wounded.
You claw the hill giant!
The hill giant is moderately wounded.
The hill giant hits you with a giant spiked club.
You claw the hill giant!
The hill giant is moderately wounded.
You scratch the hill giant. You bite the hill giant.
The hill giant is heavily wounded.
The hill giant barely misses you.
You claw the hill giant! x2
You bite the hill giant, but do no damage.
The hill giant is severely wounded.
You scratch the hill giant but do no damage.
The hill giant is severely wounded.
The hill giant hits you with a giant spiked club!!
Ouch! That really hurt!
You die...

#############
#.(.....@CKK#
.#
#.#########.#
.# #.# .# #.#
.# #.# .# #.#
.########.#
.#.......#####
.#.#######..%##


You could see a hill giant and 2 kobolds.

Vanquished Creatures
  Erica (D:9)
  A tengu warrior (D:10)
  A deep elf mage (D:9)
  A hippogriff (D:9)
  2 ice beasts (D:7)
  A centaur (D:10)
  2 sky beasts
  A big kobold (D:10)
  2 giant frogs (D:7)
  A wyvern skeleton (D:8)
  A scorpion (D:7)
  2 wights (D:10)
  A crimson imp (D:5)
  A wasp zombie (D:10)
  3 hounds
  A quasit (D:7)
  A centaur zombie (D:7)
  3 jellies
  2 orc wizards
  A centaur skeleton (D:6)
  An iguana (D:10)
  4 worker ants (D:7)
  A worker ant zombie (D:7)
  A gnoll (D:1)
  4 adders
  A shadow imp (D:8)
  An adder skeleton (D:9)
  A worm (D:2)
  3 giant geckos
  10 orcs
  A giant cockroach (D:3)
  2 hobgoblins
  A jackal (D:7)
  2 ball pythons
  5 bats
  2 giant newts
  5 goblins
  A jackal skeleton (D:3)
  2 kobolds (D:2)
  A quokka (D:9)
  2 rats (D:3)
80 creatures vanquished.

Vanquished Creatures (others)
  A killer bee (D:9)
  A jackal (D:3)
2 creatures vanquished.

Grand Total: 82 creatures vanquished

Notes
Turn   | Place    | Note
--------------------------------------------------------------
     0 | D:1      | 4thArraOfDagon the Felid Fighter began the quest for the Orb.
     0 | D:1      | Reached XP level 1. HP: 10/10 MP: 2/2
    55 | D:1      | Reached skill level 1 in Stealth
    93 | D:1      | Reached XP level 2. HP: 14/14 MP: 3/3
   278 | D:3      | Noticed Terence
   387 | D:4      | Found a staircase to the Ecumenical Temple.
   401 | Temple   | Entered the Ecumenical Temple
   414 | Temple   | Became a worshipper of Cheibriados the Contemplative
   470 | D:4      | Noticed gorblad's ghost (amateur DsAK)
   504 | D:5      | Entered Level 5 of the Dungeon
   619 | D:5      | Reached XP level 3. HP: 13/17 MP: 4/4
   684 | D:5      | Gained mutation: Your system is resistant to poisons. [potion of beneficial mutation]
   685 | D:5      | Gained mutation: You are somewhat resistant to further mutation. [potion of beneficial mutation]
   708 | D:5      | Reached skill level 1 in Invocations
   708 | D:5      | Reached XP level 4. HP: 21/21 MP: 5/5
   753 | D:5      | Reached XP level 5. HP: 24/24 MP: 6/6
   809 | D:3      | Noticed an orc warrior
   820 | D:3      | Slain by an orc warrior
   821 | D:3      | Reached XP level 4. HP: -5/21 MP: 5/5
   864 | D:3      | Reached skill level 5 in Stealth
   865 | D:3      | Found a blossoming altar of Fedhas.
  1070 | D:2      | Reached * piety under Cheibriados
  1392 | D:5      | Reached XP level 5. HP: 14/24 MP: 7/7
  1477 | D:6      | Noticed an orc warrior
  1528 | D:7      | Noticed an ice beast
  1550 | D:7      | Killed an ice beast
  1550 | D:7      | Reached skill level 5 in Dodging
  1550 | D:7      | Reached skill level 6 in Stealth
  1550 | D:7      | Reached skill level 5 in Unarmed Combat
  1550 | D:7      | Gained mutation: You are covered in thick fur (AC +2). [Felid growth]
  1550 | D:7      | Reached XP level 6. HP: 2/28 MP: 8/8
  1777 | D:7      | Reached XP level 7. HP: 17/32 MP: 9/9
  1815 | D:7      | Reached skill level 7 in Stealth
  1857 | D:7      | Reached ** piety under Cheibriados
  2200 | D:9      | Noticed Erica
  2206 | D:9      | Gained mutation: You are weak. (Str -2) [potion of mutation]
  2227 | D:9      | Killed Erica
  2227 | D:9      | Reached skill level 5 in Fighting
  2227 | D:9      | Reached skill level 8 in Stealth
  2227 | D:9      | Reached XP level 8. HP: 22/37 MP: 5/11
  2272 | D:9      | Reached skill level 9 in Stealth
  2328 | D:9      | Found an oddly glowing altar of Pakellas.
  2328 | D:9      | Found a blossoming altar of Fedhas.
  2329 | D:9      | Found a bloodstained altar of Trog.
  2329 | D:9      | Found an opulent altar of Gozag.
  2367 | D:9      | Lost mutation: You are somewhat resistant to further mutation. [mutagenic meat]
  2368 | D:9      | Gained mutation: Your magical capacity is low (-10% MP). [mutagenic meat]
  2369 | D:9      | Gained mutation: You are partially covered in thin metallic scales (AC +2). [mutagenic meat]
  2425 | D:9      | Found a flagged portal.
  2442 | D:9      | Reached XP level 9. HP: 37/40 MP: 7/11
  2449 | Bailey   | Entered a bailey
  2477 | D:9      | Was placed under penance by Cheibriados
  2483 | D:9      | RIP
  2484 | D:9      | HP: 2/40 [poisoned by a killer bee]
  2484 | D:9      | Mangled by a killer bee
  2485 | D:9      | Reached XP level 8. HP: -6/37 MP: 10/10
  2496 | D:8      | Noticed cluie's ghost (novice DsMo)
  2523 | D:10     | Entered Level 10 of the Dungeon
  2539 | D:10     | Was forgiven by Cheibriados
  2651 | D:10     | Noticed a tengu warrior
  2655 | D:10     | Killed a tengu warrior
  2655 | D:10     | Reached skill level 10 in Stealth
  2696 | D:10     | Noticed a hill giant
  2698 | D:10     | Identified a scroll of acquirement
  2710 | D:10     | Mangled by a hill giant

Vault maps used:
D:1:      minmay_arrival_checkered_box
D:2:      ecumenical_altar_2
D:3:      fedhas_altar_1, uniq_terence
D:5:      kennysheep_mini, first_bread, hangedman_abyss_or_decor_lesser_grid
D:6:      basic_altar
D:8:      uniq_erolcha
D:9:      good_gods_temple_1, grunt_temple_overflow_open, enter_bailey_1,
          uniq_erica
D:10:     dpeg_oklobed_lair, orc_0_dummy, grunt_tengu_nest
Temple:   zaba_magenta_temple_12
Bailey:   bailey_polearm_5, bailey

Action                   |  1- 3 |  4- 6 |  7- 9 || total
-------------------------+-------+-------+-------++-------
Melee: Unarmed           |    39 |   106 |   120 ||   265
Invok: Bend Time         |       |       |     7 ||     7
Evoke: Wand              |     2 |     1 |     6 ||     9
  Use: Potion            |     5 |     4 |     4 ||    13
       Scroll            |     4 |     1 |     6 ||    11
 Stab: Sleeping          |     3 |     6 |    13 ||    22
  Eat: Chunk             |     6 |     7 |    10 ||    23
